AoeStats
← Donald Trump

Arena

509394761Analyzed
2v2 RM · 5d ago on Sep 26, 2026· 52m 40s· 4 players
Game mode
Random Map
Map size
Medium (4 player)
Population
200
Speed
Normal
Resources
Standard
Victory
Conquest
Starting age
Dark Age
Ending age
Imperial Age
RankedLock teamsTeams togetherTeam positionsShared explorationLock speedFull tech treeHidden civsTurbo modeCheats
Victory
Defeat
🇷🇺 Turks · Russia
800
+17
🇷🇺 Italians · Russia
786
+17
🇲🇽 Turks · Mexico
849
-19
🇮🇩 Mongols · Indonesia
773
-15
Shonedrache
11:56 Feudal Age
12:57 Double-Bit Axe
18:31 Castle Age
16:41 Gold Mining
17:13 Stone Mining
17:32 Horse Collar
19:10 Padded Archer Armor
19:25 Bow Saw
20:10 Fervor
21:39 Wheelbarrow
25:39 Gold Shaft Mining
25:22 Leather Archer Armor
27:09 Fletching
27:29 Treadmill Crane
29:28 Hand Cart
32:26 Imperial Age
30:32 Heavy Plow
30:33 Loom
30:35 Town Watch
31:29 Bodkin Arrow
31:54 Masonry
33:43 Conscription
34:18 Bracer
35:16 Caravan
35:27 Murder Holes
37:07 Two-Man Saw
37:02 Ring Archer Armor
38:06 Architecture
37:52 Forging
39:47 Iron Casting
38:58 Elite Janissary
41:04 Hoardings
41:28 Thumb Ring
47:51 Arson
48:06 Squires
47:27 Man-at-Arms
49:41 Blast Furnace
48:42 Scale Mail Armor
49:15 Ballistics
Donald Trump
9:09 Feudal Age
10:14 Double-Bit Axe
10:38 Horse Collar
11:20 Stone Mining
17:33 Castle Age
15:58 Gold Mining
18:09 Loom
19:12 Wheelbarrow
28:13 Heavy Plow
28:27 Bow Saw
32:43 Imperial Age
31:05 Hand Cart
30:53 Padded Archer Armor
30:43 Fletching
31:07 Light Cavalry
32:00 Bloodlines
31:57 Scale Barding Armor
32:03 Forging
32:22 Ballistics
33:07 Gold Shaft Mining
33:10 Stone Shaft Mining
33:19 Husbandry
35:20 Chemistry
34:46 Leather Archer Armor
39:00 Chain Barding Armor
38:40 Bodkin Arrow
38:44 Hussar
40:42 Iron Casting
44:43 Elite Mangudai
Rikmen
5:30 Loom
10:09 Feudal Age
10:37 Double-Bit Axe
10:43 Gold Mining
14:18 Horse Collar
17:59 Castle Age
18:57 Bow Saw
19:12 Heavy Plow
24:38 Wheelbarrow
26:24 Gold Shaft Mining
26:59 Hand Cart
33:23 Imperial Age
30:42 Town Watch
33:48 Town Patrol
34:05 Padded Archer Armor
33:42 Elite Janissary
34:20 Stone Mining
34:54 Caravan
39:45 Masonry
40:07 Leather Archer Armor
39:46 Fletching
44:09 Theocracy
44:53 Artillery
44:47 Heavy Camel Rider
47:19 Husbandry
47:32 Bloodlines
Dampir
11:47 Feudal Age
14:59 Double-Bit Axe
18:03 Castle Age
15:50 Horse Collar
16:04 Gold Mining
18:13 Stone Mining
19:28 Heavy Plow
21:33 Bow Saw
23:03 Treadmill Crane
27:17 Wheelbarrow
29:19 Ballistics
30:28 Hand Cart
30:22 Fletching
30:33 Padded Archer Armor
29:56 Elite Skirmisher
32:57 Light Cavalry
33:38 Husbandry
33:51 Forging
33:37 Bodkin Arrow
33:57 Leather Archer Armor
33:46 Murder Holes
34:02 Masonry
36:26 Imperial Age
36:41 Iron Casting
36:11 Scale Barding Armor
36:09 Scale Mail Armor
36:55 Caravan
37:37 Conscription
39:03 Blast Furnace
38:05 Bracer
38:35 Ring Archer Armor
38:09 Cavalier
41:38 Chain Barding Armor
40:42 Hussar
40:49 Capped Ram
44:01 Elite Genoese Crossbowman
53:03 Plate Barding Armor
52:44 Bloodlines
Connection lost

Rejoining the realm…

Still unreachable

The connection could not be restored.

Session expired

The server has moved on; the page needs a fresh start.